 Dungeon Crawl Stone Soup version 0.17-a0-2030-g9ce824c (webtiles) character file.

667 Ordine the Skirmisher (level 7, -5/53 HPs)
             Began as an Octopode Fighter on Oct 11, 2015.
             Was an Initiate of Dithmenos.
             Engulfed by a cloud of freezing vapour (21 damage)
             ... on level 5 of the Dungeon.
             The game lasted 00:16:50 (4963 turns).

Ordine the Skirmisher (Octopode Fighter)            Turns: 4963, Time: 00:16:50

Health: -5/53      AC:  4    Str: 16    XL:     7   Next: 57%
Magic:  6/6        EV: 10    Int: 10    God:    Dithmenos [......]
Gold:   279        SH: 12    Dex: 13    Spells: 0 memorised, 6 levels left

rFire  . . .     SeeInvis .     a - +1 long sword
rCold  . . .     Clarity  +     b - +1 shield
rNeg   . . .     SustAt   .     (helmet restricted)
rPois  .         Gourm    .     n - amulet of clarity
rElec  .         Spirit   .     s - ring of flight
rCorr  .         Warding  .     (no ring)
rMut   .         Stasis   .     (no ring)
MR     .....                    (no ring)
Stlth  ++........               (no ring)
                                (no ring)
                                (no ring)
                                (no ring)

@: not resistant to hostile enchantments, unstealthy
A: almost no armour, amphibious, 8 rings, constrict 8, icy blue scales 1, large
bone plates 1, camouflage 1, low mp 1, slow regeneration 1, gelatinous body 1
a: Renounce Religion, Evoke Flight


You were on level 5 of the Dungeon.
You worshipped Dithmenos.
Dithmenos was noncommittal.
You were near starving.

You visited 2 branches of the dungeon, and saw 6 of its levels.

You collected 279 gold pieces.

Inventory:

Hand Weapons
 a - a +1 long sword (weapon)
Missiles
 h - 188 stones (quivered)
 u - 18 poisoned needles
Armour
 b - a +1 shield (worn)
Magical Staves
 v - an uncursed staff of cold
Jewellery
 n - an amulet of clarity (around mantle)
 s - a ring of flight (left tentacle)
Wands
 o - a wand of polymorph (11)
 t - a wand of polymorph (10)
Scrolls
 i - 4 scrolls of remove curse
Potions
 c - 3 potions of might
 e - 2 potions of lignification
 g - a potion of heal wounds
 j - 4 potions of curing
 k - 2 potions of cancellation {unknown}
 m - 2 potions of magic {unknown}
 p - 2 potions of haste {unknown}
 q - a potion of mutation {unknown}
Comestibles
 d - 2 bread rations
 l - 2 beef jerkies
 r - a meat ration


   Skills:
 + Level 6.6 Fighting
 + Level 5.7 Long Blades
 - Level 3.0 Dodging
 - Level 3.0 Shields


You had 6 spell levels left.
You didn't know any spells.

Dungeon Overview and Level Annotations

Branches:
Dungeon (5/15)             Temple (1/1) D:4

Altars:
Ashenzari
Cheibriados
Dithmenos
Fedhas
Gozag
Kikubaaqudgha
Nemelex Xobeh
Okawaru
Qazlal
Ru
Sif Muna
Trog
Vehumet
Xom
Zin


Innate Abilities, Weirdness & Mutations

You cannot wear most types of armour.
You are amphibious.
You can wear up to eight rings at the same time.
You can use your tentacles to constrict eight enemies at once.
Your skin changes colour to match your surroundings (Stealth).
Your rubbery body absorbs attacks (AC +1).
You are partially covered in icy blue scales (AC +1).
You are partially covered in large bone plates (AC +2, SH +2).
Your magical capacity is low (-10% MP).
You regenerate slowly when monsters are visible.


Message History

f - a scroll of identify Read which item? (? for menu, Esc to quit)
Identify which item? (\ to view known items) (? for menu, Esc to quit)
As you read the scroll of identify, it crumbles to dust.
j - 4 potions of curing You open the door.
Really walk into a travel-excluded area? [Y]es or [N]o only, please.
Really walk into a travel-excluded area?
There is an open door here.
You are engulfed in freezing vapours.
You are engulfed in freezing vapours.
You're standing in a cloud of freezing vapour!
You're standing in a cloud of freezing vapour!
Read which item? (? for menu, Esc to quit)
Okay, then.
Unknown command.
Unknown command.
You are engulfed in freezing vapours.
You die...

..#.#.#.#+####.#####
###§#§#.....##.#....
##§#§#...#.##.#.###
##§#§#.###.##.#.# #
##§#§#........#.# #
##§#§#..........### .#
##§#§#............' ..
##§#§#.#.....#..### #.
##@#§#.....#.#..#.# #.
##§#[#?.........#.'
#.##8§#%#.#.####...#.#
#.#.'.#$#.#....'...#.#
#...8.#)#.#..###...#.#
##.######.#...##...#<#
#..................###
#.............######..
##..##.#...........#..


There were no monsters in sight!

Vanquished Creatures
  A sky beast (D:5)
  A centaur (D:4)
  A brain worm (D:4)
  A giant frog (D:4)
  A scorpion (D:4)
  A crimson imp (D:5)
  An iguana (D:4)
  A giant frog skeleton (D:3)
  An orc wizard (D:4)
  Natasha (thrice) (D:4)
  5 adders
  4 gnolls
  An ooze (D:2)
  2 worms (D:2)
  4 giant geckos
  5 orcs
  8 bats
  4 giant cockroaches
  10 goblins
  5 hobgoblins
  11 jackals (D:4)
  5 kobolds
  A quokka (D:2)
  A giant gecko skeleton (D:4)
  7 giant newts
  8 rats
93 creatures vanquished.

Notes
Turn   | Place    | Note
--------------------------------------------------------------
     0 | D:1      | Ordine the Octopode Fighter began the quest for the Orb.
     0 | D:1      | Reached XP level 1. HP: 16/16 MP: 1/1
    99 | D:1      | Reached XP level 2. HP: 19/21 MP: 2/2
   378 | D:1      | Reached XP level 3. HP: 22/26 MP: 3/3
  1063 | D:2      | Reached skill level 4 in Fighting
  1222 | D:2      | Reached XP level 4. HP: 22/33 MP: 4/4
  1825 | D:3      | Reached XP level 5. HP: 35/38 MP: 5/5
  1876 | D:3      | Found a snail-covered altar of Cheibriados.
  2528 | D:4      | Noticed an ice beast
  2529 | D:4      | an ice beast changed into a brain worm
  2533 | D:4      | Reached skill level 5 in Fighting
  2654 | D:4      | Reached XP level 6. HP: 38/45 MP: 6/6
  2665 | D:4      | Noticed Natasha
  2682 | D:4      | Killed Natasha
  2772 | D:4      | Noticed Natasha
  2774 | D:4      | Killed Natasha
  2959 | D:4      | Noticed Natasha
  2963 | D:4      | Killed Natasha
  3619 | D:4      | Noticed a centaur
  3635 | D:4      | Killed a centaur
  3635 | D:4      | Reached skill level 6 in Fighting
  3635 | D:4      | Reached skill level 5 in Long Blades
  3635 | D:4      | Reached XP level 7. HP: 12/52 MP: 7/7
  4108 | D:4      | Found a blossoming altar of Fedhas.
  4219 | D:4      | Found a staircase to the Ecumenical Temple.
  4227 | Temple   | Entered the Ecumenical Temple
  4289 | Temple   | Became a worshipper of Dithmenos the Shadowed
  4400 | D:5      | Entered Level 5 of the Dungeon
  4561 | D:5      | Gained mutation: You are partially covered in icy blue scales (AC +1). [mutagenic meat]
  4562 | D:5      | Gained mutation: You regenerate slowly when monsters are visible. [mutagenic meat]
  4563 | D:5      | Gained mutation: You are partially covered in large bone plates (AC +2, SH +2). [mutagenic meat]
  4564 | D:5      | Gained mutation: Your magical capacity is low (-10% MP). [mutagenic meat]
  4963 | D:5      | Engulfed by a cloud of freezing vapour

Vault maps used:
D:1:      sevenhm_arrival_forest_fort_small_3
D:3:      first_bread, cheibriados_altar_1
D:4:      minmay_temple_entry_nine_rooms, fedhas_bush_and_centaur_altar,
          uniq_natasha
D:5:      lemuel_ice_spiral_2, serial_shops, shop, st_stairs_12
Temple:   water_room_temple_a_12

Action                   |  1- 3 |  4- 6 |  7- 9 || total
-------------------------+-------+-------+-------++-------
Melee: Long sword        |    64 |   101 |    27 ||   192
Throw: Stone             |     3 |     8 |       ||    11
Evoke: Wand              |       |     1 |       ||     1
  Use: Scroll            |     5 |     8 |     2 ||    15
       Potion            |       |     1 |       ||     1
 Stab: Sleeping          |     6 |     9 |     1 ||    16
  Eat: Chunk             |     1 |     8 |     7 ||    16
